 Dungeon Crawl Stone Soup version 0.29.1-15-g9cfb28693d (webtiles) character file.

Game seed: 10508109671058024167

20223 javelincjr the Fighter (level 13, -4/89 HPs)
             Began as a Djinni Conjurer on Mar 8, 2023.
             Was an Elder of Hepliaklqana.
             Shot with an arrow by Nessos (13 damage)
             ... on level 13 of the Dungeon.
             The game lasted 01:14:34 (12634 turns).

javelincjr the Fighter (Djinni Conjurer)           Turns: 12634, Time: 01:14:34

Health: -4/89      AC:  8    Str: 10    XL:     13   Next: 10%
Gold:   536        EV: 14    Int: 28    God:    Hepliaklqana [****..] SH:  0 Dex: 11

rFire   + + +      SeeInvis .   J - +7 Singing Sword {vorpal, sonic wave}
rCold   x x .      Faith    .   (no shield)
rNeg    . . .      Spirit   .   C - +0 troll leather armour
rPois   ∞          Reflect  .   N - +1 hat {Stlth+}
rElec   .          Harm     .   S - scarf {+Inv}
rCorr   .          Rampage  .   R - +1 pair of gloves
Will    +....                   (boots unavailable)
Stlth   ++++......              (no amulet)
HPRegen 1.04/turn               p - ring of fire
MPRegen 0.00/turn               L - +6 ring of intelligence

@: flying
A: reduced essence, sickness immunity, fire resistance 2, cold vulnerability 1,
float, innate caster, HP casting, extra vitality 1
a: Renounce Religion, Evoke Invisibility, Recall Ancestor, Ancestor Identity,
Transference, Idealise


You were on level 13 of the Dungeon.
You worshipped Hepliaklqana.
Hepliaklqana was greatly pleased with you.
You visited 2 branches of the dungeon, and saw 14 of its levels.
You also visited: Gauntlet.

You collected 596 gold pieces.
You spent 60 gold pieces at shops.

Inventory:

Hand Weapons
 o - a +3 flail of protection
 J - the +7 Singing Sword (weapon) {vorpal, sonic wave}
   (You found it in a Gauntlet)

   It inflicts extra damage upon your enemies.
   It radiates damaging sonic waves as it strikes, especially in combat
   involving dangerous or numerous foes.
 P - a +2 vampiric halberd
 V - the +11 dagger of Inquiry {vorpal, rElec rPois Int+4 Stlth-}
   (You found it in a Gauntlet)

   It inflicts extra damage upon your enemies.
   Int:       It affects your intelligence (+4).
   rElec:     It insulates you from electricity.
   rPois:     It protects you from poison.
   Stlth:     It makes you less stealthy.
Armour
 v - a scarf of repulsion
 w - a +3 scale mail of willpower
 C - a +0 troll leather armour (worn)
 F - the +2 chain mail of a treasure trove {rN+ Str+5}
   (You found it on level 8 of the Dungeon)

   Str:       It affects your strength (+5).
   rN:        It protects you from negative energy.
 H - a +0 buckler
 M - a +2 hat
 N - a +1 hat of stealth (worn)
 R - a +1 pair of gloves (worn)
 S - a scarf of invisibility (worn)
 T - a +0 cloak of willpower
Magical Staves
 g - a staff of fire
Jewellery
 n - a ring of resist corrosion
 p - a ring of fire (left hand)
 r - the ring of Duptaurph {rF+ Will+ MP+9}
   (You found it on level 3 of the Dungeon)

   [ring of protection from fire]

   rF:        It protects you from fire.
   MP:        It affects your magic capacity (+9).
   Will:      It increases your willpower.
 I - a ring of fire
 L - a +6 ring of intelligence (right hand)
 W - a +4 ring of slaying
 X - a ring of fire
Wands
 u - a wand of iceblast (18)
 x - a wand of polymorph (8)
 A - a wand of flame (22)
 G - a wand of quicksilver (9)
 O - a wand of mindburst (5)
 Y - a wand of paralysis (4)
Scrolls
 b - 2 scrolls of vulnerability {unknown}
 d - 2 scrolls of magic mapping
 e - 3 scrolls of poison
 h - a scroll of immolation
 i - a scroll of enchant weapon {unknown}
 j - 7 scrolls of blinking
 k - 5 scrolls of teleportation
 q - 4 scrolls of butterflies
 y - a scroll of amnesia {unknown}
 z - a scroll of noise {unknown}
 B - a scroll of summoning {unknown}
 Q - a scroll of enchant armour {unknown}
Potions
 a - 2 potions of haste
 c - 2 potions of degeneration {unknown}
 f - 3 potions of resistance {unknown}
 l - 9 potions of curing
 m - 2 potions of invisibility {unknown}
 s - a potion of ambrosia
 t - 2 potions of lignification {unknown}
 D - 3 potions of cancellation {unknown}
 E - a potion of brilliance
 K - 2 potions of flight {unknown}
Miscellaneous
 U - a tin of tremorstones (2/2)
 Z - a phantom mirror (inert)


   Skills:
 * Level 11.0 Fighting
 + Level 7.8 Armour
 + Level 8.9 Dodging
 + Level 7.4 Stealth
 * Level 9.3 Spellcasting
 + Level 2.7 Evocations


You couldn't memorise any spells.
You knew the following spells:

 Your Spells              Type           Power      Damage    Failure   Level
a - Magic Dart            Conj           100%       1d8       1%          1
b - Searing Ray           Conj           100%       2d8       1%          2
c - Dazzling Flash        Conj/Hex       100%       N/A       1%          3
d - Fulminant Prism       Conj/Hex       30%        3d16      1%          4
e - Iskenderun's Mystic   Conj/Tloc      60%        2d13      1%          4
f - Foxfire               Conj/Fire      100%       2x1d9     1%          1
g - Static Discharge      Conj/Air       60%        3-11/arc  1%          2
h - Spider Form           Tmut/Pois      60%        N/A       1%          3
i - Ice Form              Ice/Tmut       60%        N/A       1%          4
j - Metabolic Englaciati  Hex/Ice        30%        N/A       3%          5
k - Silence               Hex/Air        30%        N/A       3%          5
Your spell library was empty.

Dungeon Overview and Level Annotations

Branches:
Dungeon (14/15)            Temple (1/1) D:5            Lair (0/5) D:9
    Orc (0/2) D:10        Gauntlet (visited)
 Vaults: D:13-14

Altars:
Ashenzari
Cheibriados
Dithmenos
Elyvilon
Fedhas
Gozag
Hepliaklqana
Makhleb
Nemelex Xobeh
Okawaru
Qazlal
Ru
Trog
Uskayaw
Wu Jian
Xom
Yredelemnul
Zin
The Shining One

Shops:
D:2 !   D:4 :

Annotations:
D:11 2 transporters, bronco's ghost, journeyman KoAr
D:13 Nessos


Innate Abilities, Weirdness & Mutations

Your life essence is reduced to manifest your ancestor. (-10% HP)
You are immune to sickness and miasma.
You are immune to poison.
Your flesh is very heat resistant. (rF++)
You are vulnerable to cold. (rC-)
You float through the air rather than walking.
You learn spells naturally, not from books.
Your magical power is your life essence.
You have superior vitality. (+4 MHP)


Message History

Dusana avoids your attack.
The green ugly thing is severely wounded.
Nessos casts a spell.
Nessos blinks!
Nessos wields a +1 longbow of flaming.
It bursts into flame!
Nessos shoots an arrow.
The arrow hits you!!
* * * LOW HITPOINT WARNING * * *
Your fulminant prism explodes!
The blast of energy engulfs Nessos!
Nessos is severely wounded.
Dusana avoids your attack.
The blast of energy engulfs the green ugly thing!
The green ugly thing is almost dead.
Nessos casts a spell.
Nessos blinks!
You reach down and close the door.
Something unseen opens the door.
There is an open door here.
Dusana barely misses Nessos.
Nessos shoots an arrow.
The arrow hits you!
* * * LOW HITPOINT WARNING * * *
You reach down and close the door.
Nessos breaks down the door.
Casting: Iskenderun's Mystic Blast (mildly dangerous; 1% risk of failure)
Confirm with . or Enter, or press ? or * to list all spells.
Okay, then.
Okay, then.
Unknown command.
Okay, then.
Aiming: Phantom Mirror
Press: ? - help, Q - select action, (/) - cycle Dir - move target, f - Nessos
Aim: Nessos, wielding a +1 longbow of flaming and wearing a +0 barding (heavily wounded, fast)
You reflect Nessos with the mirror!
The mirror clouds!
Nessos pounds the earth with their hooves.
Nessos shoots an arrow.
The arrow hits you!
* * * LOW HITPOINT WARNING * * *
The arrow burns you.
* * * LOW HITPOINT WARNING * * *
Nessos unwields a +1 longbow of flaming.
It stops flaming.
Nessos barely misses Nessos.
Nessos kicks Nessos but does no damage.
Nessos shoots an arrow.
The arrow hits you!
You die...

#........#
#....R...#
#....u...#
#........#
##'# #Rc#
#c##
#####'###
#....@..#
#....>..#
#.......#
#.......+
#.......#
+.......#
#...>...#
#########


You could see the friendly Dusana the knight, Nessos (fast, ally target) and the
friendly Nessos (summoned, fast, drained).

Vanquished Creatures
  A minotaur (Gauntlet)
  3 two-headed ogres
  5 death yaks
  A tengu warrior (D:14)
  2 large abominations (Gauntlet)
  A sixfirhy (Gauntlet)
  2 ugly things (D:14)
  An unseen horror (D:11)
  2 yaktaurs (D:14)
  A troll (D:8)
  A hornet (D:10)
  A spriggan (D:9)
  2 vampires
  15 yaks
  4 small abominations (Gauntlet)
  2 redbacks (Gauntlet)
  Edmund (D:5)
  A water moccasin (D:6)
  A black bear (D:6)
  An ogre (D:6)
  2 orc warriors
  3 centaurs
  3 phantoms
  4 scorpions
  3 wights (D:9)
  12 killer bees (D:9)
  A howler monkey (D:7)
  2 hounds (D:5)
  2 orc priests
  An iguana (D:6)
  6 orc wizards
  3 gnolls (D:3)
  4 adders
  3 white imps
  2 ufetubi (Gauntlet)
  2 worms
  3 dart slugs
  14 orcs
  2 endoplasms
  3 giant cockroaches (D:1)
  5 goblins
  5 hobgoblins
  7 jackals
  4 quokkas
  4 ball pythons
  7 bats
  5 frilled lizards
  5 kobolds
  6 rats
  A butterfly (D:14)
  A foxfire (D:9)
173 creatures vanquished.

Vanquished Creatures (collateral kills)
  An entropy weaver (Gauntlet)
  An ugly thing (D:14)
  3 yaktaurs (D:14)
  A tengu conjurer (D:14)
  8 yaks
  A wraith (D:10)
  2 wyverns
  A human (D:9)
  A steam dragon (D:9)
  An acid dragon (D:10)
  2 water moccasins
  An ice beast (D:7)
  2 black bears
  2 ogres
  A kobold brigand (D:7)
  A necrophage (D:5)
  A scorpion (D:6)
  4 killer bees (D:9)
  A hound (D:6)
  An iguana (D:7)
  2 orc wizards
  2 adders (D:6)
  A shadow imp (D:7)
  An ufetubus (Gauntlet)
  3 orcs
  A kobold (D:7)
46 creatures vanquished.

Vanquished Creatures (others)
  3 knights
  3 ancestors
  A bush (D:14)
  483 foxfires
  64 fulminant prisms
554 creatures vanquished.

Grand Total: 773 creatures vanquished

Notes
Turn   | Place    | Note
-------+----------+-------------------------------------------
     0 | D:1      | javelincjr the Djinni Conjurer began the quest for the Orb.
     0 | D:1      | javelincjr set off with the following spells memorised:
                  | Magic Dart, Searing Ray, Dazzling Flash, Fulminant Prism,
                  | Iskenderun's Mystic Blast.
     0 | D:1      | Reached XP level 1. HP: 15/15 MP: 0/0
   266 | D:1      | Reached XP level 2. HP: 18/21 MP: 0/0
   775 | D:1      | Reached XP level 3. HP: 24/26 MP: 0/0
   775 | D:1      | Learned a level 1 spell: Foxfire
  1305 | D:2      | Reached skill level 1 in Fighting
  1649 | D:2      | Reached XP level 4. HP: 25/32 MP: 0/0
  1886 | D:2      | Found Axkihig's Distillery.
  1890 | D:2      | Bought a potion of heal wounds for 60 gold pieces
  2350 | D:3      | Found a broken altar of Ashenzari.
  2358 | D:3      | Found a shimmering altar of Xom.
  2358 | D:3      | Found a white marble altar of Elyvilon.
  2360 | D:3      | Found an iron altar of Okawaru.
  2360 | D:3      | Found a sacrificial altar of Ru.
  2360 | D:3      | Found a broken altar of Ashenzari.
  2397 | D:3      | Found an ornate altar of the Wu Jian Council.
  2398 | D:3      | Found a sacrificial altar of Ru.
  2517 | D:3      | Reached skill level 1 in Armour
  2521 | D:3      | Reached XP level 5. HP: 31/38 MP: 0/0
  2521 | D:3      | Learned a level 2 spell: Static Discharge
  2669 | D:3      | Found a faded altar of an unknown god.
  2799 | D:3      | Identified the ring of Duptaurph {rF+ Will+ MP+9}
  2869 | D:3      | Reached skill level 2 in Fighting
  3190 | D:3      | Found a hazy altar of Hepliaklqana.
  3194 | D:3      | Became a worshipper of Hepliaklqana the Forgotten
  3521 | D:4      | Found Pavvoom's Book Shop.
  4128 | D:5      | Entered Level 5 of the Dungeon
  4128 | D:5      | Noticed a phantom
  4136 | D:5      | Killed a phantom
  4136 | D:5      | Noticed Edmund
  4137 | D:5      | Reached skill level 3 in Fighting
  4137 | D:5      | Reached XP level 6. HP: 18/46 MP: 0/0
  4427 | D:4      | Reached XP level 7. HP: 7/50 MP: 0/0
  4427 | D:4      | Learned a level 3 spell: Spider Form
  5279 | D:5      | Killed Edmund
  5773 | D:5      | Reached * piety under Hepliaklqana
  5800 | D:5      | Found a staircase to the Ecumenical Temple.
  5819 | Temple   | Entered the Ecumenical Temple
  5819 | Temple   | Found a transporter.
  5819 | Temple   | Found a transporter.
  5821 | Temple   | Found a transporter.
  5821 | Temple   | Found a transporter.
  6039 | D:5      | Reached skill level 4 in Fighting
  6163 | D:5      | HP: 2/46 [ogre/+0 giant club (29)]
  6461 | D:5      | Reached XP level 8. HP: 41/52 MP: 0/0
  6978 | D:6      | Reached skill level 5 in Spellcasting
  7289 | D:6      | Reached skill level 5 in Fighting
  7807 | D:6      | Reached XP level 9. HP: 36/58 MP: 0/0
  7807 | D:6      | Learned a level 4 spell: Ice Form
  8066 | D:7      | Reached ** piety under Hepliaklqana
  8067 | D:7      | Remembered your ancestor Dusana as a knight
  8150 | D:7      | Reached skill level 5 in Dodging
  8367 | D:7      | Reached skill level 6 in Fighting
  8809 | D:8      | Noticed a troll
  8817 | D:8      | Killed a troll
  9231 | D:8      | Identified the +2 chain mail of a treasure trove {rN+
                  | Str+5}
  9458 | D:8      | Found a stormy altar of Qazlal.
  9571 | D:9      | Reached XP level 10. HP: 35/65 MP: 0/0
  9583 | D:9      | Reached skill level 7 in Fighting
  9715 | D:9      | Noticed a death yak
  9718 | D:9      | Noticed a death yak
  9718 | D:9      | Noticed a death yak
  9750 | D:9      | Reached skill level 5 in Armour
  9750 | D:9      | Reached skill level 5 in Stealth
  9913 | D:9      | Noticed a death yak
  9914 | D:9      | Noticed a death yak
  9914 | D:9      | Noticed a two-headed ogre
  9926 | D:9      | Killed a two-headed ogre
  9936 | D:9      | Killed a death yak
  9940 | D:9      | Reached skill level 8 in Fighting
  9952 | D:9      | Killed a death yak
  9952 | D:9      | Killed a death yak
  9953 | D:9      | Reached XP level 11. HP: 14/73 MP: 0/0
  9953 | D:9      | Learned a level 5 spell: Metabolic Englaciation
 10030 | D:9      | Killed a death yak
 10141 | D:9      | Found a staircase to the Lair.
 10281 | D:9      | Reached skill level 9 in Fighting
 10302 | D:9      | Found a runed translucent door.
 10305 | D:9      | Reached *** piety under Hepliaklqana
 10306 | D:9      | Found a basalt altar of Yredelemnul.
 10663 | D:8      | Killed a death yak
 10723 | D:10     | Entered Level 10 of the Dungeon
 11056 | D:10     | Found a staircase to the Orcish Mines.
 11110 | D:10     | Reached XP level 12. HP: 64/81 MP: 0/0
 11464 | D:11     | Found a gate leading to a gauntlet.
 11472 | Gauntlet | Entered a Gauntlet
 11472 | Gauntlet | Noticed a large abomination
 11472 | Gauntlet | Found a transporter.
 11472 | Gauntlet | Found a transporter.
 11472 | Gauntlet | Found a runed translucent door.
 11472 | Gauntlet | Found a runed translucent door.
 11477 | Gauntlet | Found the +7 Singing Sword {vorpal, sonic wave}
 11487 | Gauntlet | Found a transporter.
 11491 | Gauntlet | Found a transporter.
 11500 | Gauntlet | Found a transporter.
 11504 | Gauntlet | Found a transporter.
 11509 | Gauntlet | Noticed an entropy weaver
 11512 | Gauntlet | Found a transporter.
 11530 | Gauntlet | Found a transporter.
 11531 | Gauntlet | Noticed a death drake
 11534 | Gauntlet | Found a runed translucent door.
 11551 | Gauntlet | Found a transporter.
 11552 | Gauntlet | Found a transporter.
 11557 | Gauntlet | Noticed a sixfirhy
 11563 | Gauntlet | Found a transporter.
 11564 | Gauntlet | Found a transporter.
 11737 | Gauntlet | Killed a large abomination
 11738 | Gauntlet | Reached skill level 10 in Fighting
 11807 | Gauntlet | Killed a sixfirhy
 11858 | Gauntlet | Killed an entropy weaver
 11881 | Gauntlet | Identified the +11 dagger of Inquiry {vorpal, rElec rPois
                  | Int+4 Stlth-}
 11962 | Gauntlet | Noticed a minotaur
 11968 | Gauntlet | Killed a minotaur
 11969 | Gauntlet | Reached skill level 1 in Evocations
 12046 | D:11     | Noticed bronco's ghost (journeyman KoAr)
 12049 | D:11     | Found a transporter.
 12054 | D:11     | Found a transporter.
 12134 | D:11     | Noticed a two-headed ogre
 12144 | D:11     | Killed a two-headed ogre
 12189 | D:11     | Reached **** piety under Hepliaklqana
 12301 | D:11     | You are sucked into a shaft and drop 3 floors!
 12308 | D:14     | Noticed a tengu warrior
 12323 | D:14     | Killed a tengu warrior
 12370 | D:14     | Noticed a catoblepas
 12449 | D:14     | Found a white marble altar of Elyvilon.
 12470 | D:14     | Noticed a two-headed ogre
 12485 | D:14     | Reached XP level 13. HP: 44/88 MP: 0/0
 12485 | D:14     | Learned a level 5 spell: Silence
 12492 | D:14     | Reached skill level 11 in Fighting
 12619 | D:13     | Noticed Nessos
 12634 | D:13     | Shot with an arrow by Nessos

Illustrated notes

Levels and vault maps discovered:
D:1:      dpeg_arrival_boxorama, layout_basic
D:2:      layout_loops_ring, serial_shops, shop
D:3:      layout_loops_ring, doesnt_xom_only_xom,
          mainiacjoe_overflow_divided_tiny, nzn_hepliaklqana_mist_gate,
          chequers_ecumenical_altar_island
D:4:      layout_basic, serial_shops, nicolae_shop_hallway_stairs
D:5:      layout_rooms, minmay_temple_entry_ruins, patterned_corridor,
          uniq_edmund
D:6:      layout_loops_ring
D:7:      layout_loops_ring, mainiacjoe_overflow_alcove_2
D:8:      layout_rooms, lemuel_tele_altar, lemuel_coloured_pillars_altar
D:9:      layout_basic, dk_yredelemnul_ordeal, fiery_altar_vehumet,
          dpeg_lair_monsters, library_closet, the_hattery
D:10:     layout_loops_ring, orc_0_dummy
D:11:     layout_gridville, gauntlet_entry_generic, gammafunk_ghost_hive
D:13:     layout_roguey, serial_undead, serial_undead_b, serial_undead_d,
          serial_undead_d, serial_undead_d, uniq_nessos
D:14:     layout_roguey, david_vaults_1, nicolae_elyvilon_peaceful_grove,
          hangedman_decor_points
Temple:   hellmonk_temple_divided_pantheon

Skill      XL: |  1  2  3  4  5  6  7  8  9 10 11 12 13 |
---------------+----------------------------------------+-----
Stealth        | 2 3 4 5 6 7 |  7.4
Fighting       | 1 3 4 5 6 8 9 10 11 | 11.0
Armour         | 1 2 3 4 5 6 7 |  7.8
Dodging        | 3 4 5 6 7 8 |  8.9
Spellcasting   | 4 5 6 7 8 9 |  9.3
Evocations     | 2 |  2.7

Action                   |  1- 3 |  4- 6 |  7- 9 | 10-12 | 13-15 || total
-------------------------+-------+-------+-------+-------+-------++-------
Melee: Staff             |       |     8 |     1 |     2 |       ||    11
       Double sword      |       |       |       |     7 |       ||     7
 Cast: Magic Dart        |    67 |    14 |    19 |       |       ||   100
       Searing Ray       |     1 |     5 |     5 |     4 |       ||    15
       Foxfire           |       |    60 |   127 |    99 |     7 ||   293
       Iskenderun's Myst |       |     2 |    25 |    71 |     5 ||   103
       Fulminant Prism   |       |       |    20 |    40 |     4 ||    64
       Metabolic Englaci |       |       |       |     7 |     1 ||     8
       Static Discharge  |       |       |       |     1 |       ||     1
Invok: Ancestor Life: Kn |       |       |     1 |       |       ||     1
       Recall Ancestor   |       |       |       |     3 |       ||     3
Evoke: Phantom mirror    |       |       |       |       |     1 ||     1
  Use: Scroll            |       |       |     4 |     4 |     1 ||     9
       Potion            |       |       |     2 |     2 |       ||     4
Armor: Robe              |       |     4 |     1 |       |       ||     5
       Troll leather arm |       |       |       |    15 |       ||    15
Dodge: Dodged            |       |    18 |    18 |    33 |     1 ||    70
       Repelled          |       |       |     2 |     2 |       ||     4
